 Dungeon Crawl Stone Soup version 0.23-a0-625-g1d2cd9b (console) character file.

197 Duffy the Conjurer (level 5, -6/42 HPs)
             Began as a Naga Fire Elementalist on Dec 24, 2018.
             Was an Initiate of Vehumet.
             Killed by nerve-wracking pain
             ... invoked by an orc priest
              (12 damage)
             ... on level 4 of the Dungeon.
             The game lasted 00:03:13 (2952 turns).

Duffy the Conjurer (Naga Fire Elementalist)         Turns: 2952, Time: 00:03:13

Health: -6/42      AC:  2    Str: 11    XL:     5   Next: 75%
Magic:  1/9        EV: 10    Int: 16    God:    Vehumet [......]
Gold:   153        SH:  0    Dex: 11    Spells: 2/10 levels left

rFire    . . .     SeeInvis +   c - 5 rations
rCold    . . .     Gourm    .   (no shield)
rNeg     . . .     Faith    .   a - +0 robe
rPois    +         Spirit   .   (no helmet)
rElec    .         Reflect  .   (no cloak)
rCorr    +         Harm     .   (no gloves)
MR       .....                  (no barding)
Stlth    ++........             (no amulet)
HPRegen  0.14/turn              e - ring of resist corrosion
MPRegen  0.11/turn              h - ring of wizardry

@: short of breath, very slightly contaminated, very slow
A: large, see invisible, deformed body, poison resistance, slowness 2, slow
metabolism 1, spit poison 1, AC +1
a: Spit Poison, Renounce Religion


You were on level 4 of the Dungeon.
You worshipped Vehumet.
Vehumet was noncommittal.
You were hungry.

You visited 1 branch of the dungeon, and saw 4 of its levels.

You collected 153 gold pieces.

Inventory:

Armour
 a - a +0 robe (worn)
Jewellery
 e - a ring of resist corrosion (left hand)
 h - a ring of wizardry (right hand)
 j - a +4 ring of strength
Wands
 r - a wand of disintegration (15)
Scrolls
 d - a scroll of enchant weapon {unknown}
 f - a scroll of blinking {unknown}
 i - a scroll of immolation {unknown}
 k - 5 scrolls of identify {unknown}
 l - 2 scrolls of enchant armour {unknown}
 m - a scroll of random uselessness {unknown}
 n - a scroll of fear {unknown}
 o - a scroll of amnesia {unknown}
 p - a scroll of teleportation {unknown}
 u - a scroll of remove curse {unknown}
Potions
 b - 2 potions of mutation {unknown}
 g - 4 potions of curing {unknown}
 q - a potion of resistance {unknown}
 s - a potion of cancellation {unknown}
Comestibles
 c - 5 rations (in hand)
 t - a chunk of flesh


   Skills:
 - Level 1.5 Dodging
 - Level 3.0 Stealth
 + Level 3.1 Spellcasting
 + Level 3.9 Conjurations
 + Level 3.9 Fire Magic


You had 2 spell levels left.
You knew the following spells:

 Your Spells              Type           Power        Failure   Level  Hunger
h - Flame Tongue          Conj/Fire      ###..        1%          1    #......
j - Sticky Flame          Conj/Fire      ###.....     14%         4    #####..
l - Conjure Flame         Conj/Fire      ###.....     4%          3    ###....

Your spell library contained the following spells:

 Spells                   Type           Power        Failure   Level  Hunger
 Throw Flame              Conj/Fire      ###...       2%          2    ##.....
 Inner Flame              Hex/Fire       #.......     10%         3    ###....
 Fireball                 Conj/Fire      ###.......   36%         5    ######.


Dungeon Overview and Level Annotations

Branches:
Dungeon (4/15)
 Temple: D:4-7

Altars:
Kikubaaqudgha
Nemelex Xobeh
Vehumet


Innate Abilities, Weirdness & Mutations

You cannot wear boots.
Your serpentine skin is tough. (AC +1)
You have supernaturally acute eyesight. (SInv)
Armour fits poorly on your strangely shaped body.
Your system is resistant to poisons. (rPois)
You cover ground very slowly.
You have a slow metabolism.
You can spit poison.


Message History

Confirm with . or Enter, or press ? or * to list all spells.
You don't have enough magic to cast that spell.
Casting: Flame Tongue (safe; 1% risk of failure)
Confirm with . or Enter, or press ? or * to list all spells.
You don't have enough magic to cast that spell.
The orc wizard misses you.
Use which ability? (? or * to list)
Press: ? - help, Shift-Dir - straight line, f - orc wizard
Aim: an orc wizard, wielding a +0 dagger and wearing a +0 robe The splash of poison misses the orc wizard.
The splash of poison hits the orc.
The orc is poisoned.
The orc is lightly wounded.
You feel slightly more hungry. The orc wizard casts a spell at you.
The magic dart hits you! The orc wizard casts a spell at you.
The magic dart hits you!
The orc priest calls down the wrath of Beogh upon you.
Pain shoots through your body!
You die...

....# ...# #...######...###
...<............ .#....#..#......
............>... .. #
...#..#......### .. ..
.......%.......# .##. #
##...###..####.##### ... ..
##.......####...@.#######.###.#.
....#..........##.ooo...........
.#####..........##..####.........
#..........##o...##.........
#..........###.#............
......#......................
.......#......................
.......#......................
.......#......................


You could see an orc priest, an orc wizard and 2 orcs.

Vanquished Creatures
  An ogre (D:4)
  An orc priest (D:3)
  3 adders
  A worm (D:4)
  A leopard gecko (D:1)
  4 orcs (D:3)
  2 ball pythons
  9 bats
  2 giant cockroaches (D:2)
  6 goblins
  9 hobgoblins
  8 kobolds
  2 quokkas
  5 rats
54 creatures vanquished.

Notes
Turn   | Place    | Note
-------+----------+-------------------------------------------
     0 | D:1      | Duffy the Naga Fire Elementalist began the quest for the
                  | Orb.
     0 | D:1      | Reached XP level 1. HP: 15/15 MP: 3/3
   202 | D:1      | Reached XP level 2. HP: 22/22 MP: 0/5
   988 | D:2      | Reached XP level 3. HP: 28/28 MP: 4/6
   996 | D:2      | Learned a level 3 spell: Conjure Flame
  1419 | D:2      | Found a sparkling altar of Nemelex Xobeh.
  2166 | D:3      | Reached XP level 4. HP: 36/36 MP: 7/7
  2172 | D:3      | Found a radiant altar of Vehumet.
  2178 | D:3      | Became a worshipper of Vehumet
  2505 | D:3      | Found an ancient bone altar of Kikubaaqudgha.
  2559 | D:3      | Found a faded altar of an unknown god.
  2814 | D:3      | Learned a level 4 spell: Sticky Flame
  2866 | D:4      | Reached XP level 5. HP: 42/42 MP: 4/9
  2937 | D:4      | Noticed an ogre
  2948 | D:4      | Killed an ogre
  2952 | D:4      | Killed from afar by an orc priest

Vault maps used:
D:1:      psy_arrival_statuary
D:2:      first_ration, serial_rivers, chequers_serial_rivers_small_3,
          chequers_serial_rivers_micro_e, chequers_serial_rivers_marsh,
          chequers_serial_rivers_small_b, serial_bayou_pond_c,
          nemelex_diamond_rough_becter
D:3:      vehumet_crystals, kiku_gazebo_garden_becter,
          chequers_ecumenical_altar_grove, minmay_misc_feat_hallway
D:4:      overflow_temple_1_default, gammafunk_temple_overflow_forgotten

Skill      XL: |  1  2  3  4  5 |
---------------+----------------+-----
Conjurations   | 2 3 |  3.9
Spellcasting   | 3 |  3.1
Dodging        | |  1.5
Stealth        | |  3.0
Fire Magic     | |  3.9

Action                   |  1- 3 |  4- 6 || total
-------------------------+-------+-------++-------
 Cast: Flame Tongue      |    59 |    29 ||    88
       Sticky Flame      |       |     1 ||     1
 Abil: Spit Poison       |     7 |     5 ||    12
  Eat: Chunk             |     3 |     3 ||     6
Armor: Robe              |     3 |       ||     3
Dodge: Dodged            |    15 |     5 ||    20

Table legend:
 A = Non-vault XP
 B = Vault XP
 C = Vault XP percentage of total XP
 D = Non-vault monster count
 E = Vault monster count
 F = Vault count percentage of total count
                 A         B        C        D         E       F
            +---------+---------+-------+---------+---------+-------
      Total |     282 |       0 |   0.0 |      54 |       0 |   0.0
            +---------+---------+-------+---------+---------+-------
        D:1 |      28 |       0 |   0.0 |      17 |       0 |   0.0
        D:2 |      39 |       0 |   0.0 |      16 |       0 |   0.0
        D:3 |      96 |       0 |   0.0 |      18 |       0 |   0.0
        D:4 |     119 |       0 |   0.0 |       3 |       0 |   0.0
            +---------+---------+-------+---------+---------+-------
